 Dungeon Crawl Stone Soup version 0.29-a0-1039-gfc20370e89 (webtiles) character file.

Game seed: 11011292412085422863

187 BritishOli the Trooper (level 5, -7/42 HPs)
             Began as a Demonspawn Fighter on Aug 15, 2022.
             Mangled by an iguana (9 damage)
             ... on level 3 of the Dungeon.
             The game lasted 00:01:19 (1598 turns).

BritishOli the Trooper (Demonspawn Fighter)         Turns: 1598, Time: 00:01:19

Health: -7/42      AC:  8    Str: 18    XL:     5   Next: 39%
Magic:  5/5        EV:  9    Int:  9    God:
Gold:   134        SH:  5    Dex: 13    Spells: 4/4 levels left

rFire   + . .      SeeInvis .   a - +0 long sword
rCold   . . .      Faith    .   c - +0 buckler
rNeg    . . .      Spirit   .   b - +0 scale mail
rPois   .          Reflect  .   (no helmet)
rElec   .          Harm     .   (no cloak)
rCorr   .          Rampage  .   (no gloves)
Will    .....                   (no boots)
Stlth   ..........              (no amulet)
HPRegen 0.14/turn               r - ring of protection from fire
MPRegen 0.09/turn               (no ring)

@: no status effects
A: slimy green scales 1, ignite blood 1, weakness stinger 2
a: no special abilities


You were on level 3 of the Dungeon.
You visited 1 branch of the dungeon, and saw 3 of its levels.

You collected 134 gold pieces.

Inventory:

Hand Weapons
 a - a +0 long sword (weapon)
Armour
 b - a +0 scale mail (worn)
 c - a +0 buckler (worn)
Jewellery
 g - a ring of wizardry
 r - a ring of protection from fire (left hand)
Scrolls
 e - a scroll of poison {unknown}
 f - 3 scrolls of identify {unknown}
 l - 2 scrolls of enchant armour {unknown}
 n - a scroll of enchant weapon {unknown}
 q - a scroll of fear {unknown}
Potions
 d - 3 potions of might
 h - 2 potions of heal wounds {unknown}
 i - a potion of haste {unknown}
 j - a potion of lignification {unknown}
 k - a potion of curing {unknown}
 m - a potion of mutation {unknown}
 o - a potion of resistance {unknown}
 p - a potion of attraction {unknown}


   Skills:
 + Level 4.0 Fighting
 + Level 3.0 Long Blades
 + Level 3.6 Armour
 + Level 3.6 Shields


You had 4 spell levels left.
You didn't know any spells.
Your spell library was empty.

Dungeon Overview and Level Annotations

Branches:
Dungeon (2/15)

Altars:

Shops:
D:3 *


Innate Abilities, Weirdness & Mutations

You are partially covered in slimy green scales. (AC +2)
Your demonic aura sometimes causes spilled blood to erupt in flames.
You have a tail ending in a sharp stinger.


Message History

The iguana is lightly wounded.
The iguana barely misses you.
An iguana is nearby!
An iguana is nearby!
You hit the iguana but do no damage.
The iguana is lightly wounded.
The iguana barely misses you. You block the iguana's attack.
An iguana is nearby!
You hit the iguana but do no damage.
The iguana is lightly wounded.
The iguana bites you but does no damage.
An iguana is nearby!
You hit the iguana but do no damage.
The iguana is lightly wounded.
The iguana bites you!
An iguana is nearby!
You are too injured to fight recklessly!
You are too injured to fight recklessly!
An iguana is nearby!
An iguana is nearby!
You are too injured to fight recklessly!
You are too injured to fight recklessly!
You are too injured to fight recklessly!
You barely miss the iguana.
The iguana is lightly wounded.
The iguana closely misses you.
You are too injured to fight recklessly!
You closely miss the iguana.
The iguana is lightly wounded.
The iguana closely misses you. The iguana bites you!
* * * LOW HITPOINT WARNING * * *
You hit the iguana but do no damage.
You tail-slap the iguana, but do no damage.
The iguana is lightly wounded.
The iguana bites you!
* * * LOW HITPOINT WARNING * * *
You hit the iguana but do no damage.
Your tail-slap misses the iguana.
The iguana is lightly wounded.
The iguana bites you!
You die...

##...........
#...........8
#..........?.
#.........8.∩
#..........#.#
#..........#8#
##..[l........
#....@.......
#....$.....##
#......)...#
#..........####
#.............#
##............#
##...........#
##.....)......
#............


You could see an iguana.

Vanquished Creatures
  Sigmund (D:2)
  A dart slug (D:1)
  2 ball pythons
  3 bats
  2 endoplasms
  A hobgoblin (D:2)
  3 kobolds
  A quokka (D:1)
  A frilled lizard (D:2)
  5 goblins
  4 rats
24 creatures vanquished.

Notes
Turn   | Place    | Note
-------+----------+-------------------------------------------
     0 | D:1      | BritishOli the Demonspawn Fighter began the quest for the
                  | Orb.
     0 | D:1      | Reached XP level 1. HP: 18/18 MP: 1/1
   281 | D:1      | Gained mutation: You have a small tail. [demonic ancestry]
   281 | D:1      | Reached XP level 2. HP: 17/24 MP: 2/2
   806 | D:2      | Noticed Sigmund
  1124 | D:2      | Killed Sigmund
  1125 | D:2      | Reached skill level 4 in Fighting
  1125 | D:2      | Gained mutation: You have a tail ending in a sharp stinger.
                  | [demonic ancestry]
  1125 | D:2      | Reached XP level 3. HP: 3/30 MP: 3/3
  1125 | D:2      | Gained mutation: Your demonic aura sometimes causes spilled
                  | blood to erupt in flames. [demonic ancestry]
  1125 | D:2      | Reached XP level 4. HP: 4/37 MP: 4/4
  1125 | D:2      | Gained mutation: You are partially covered in slimy green
                  | scales. (AC +2) [demonic ancestry]
  1125 | D:2      | Reached XP level 5. HP: 5/42 MP: 5/5
  1500 | D:2      | Found a faded altar of an unknown god.
  1518 | D:2      | Identified the +1 robe of Qorialy {rN+}
  1579 | D:2      | You fall into a shaft and drop 1 floor!
  1584 | D:3      | Found Boomunam's General Store.
  1597 | D:3      | HP: 2/42 [iguana (7)]
  1598 | D:3      | Mangled by an iguana

Illustrated notes

Levels and vault maps discovered:
D:1:      wander_arrival_estate, layout_basic, minivault_19
D:2:      layout_basic, nicolae_ecumenical_oubliette, uniq_sigmund, uniq_robin
D:3:      layout_rooms, serial_shops, nicolae_shop_statue_plus, uniq_jessica

Skill      XL: |  1  2 |
---------------+-------+-----
Long Blades    | 2 3 |  3.0
Fighting       | 4 |  4.0
Armour         | 3 |  3.6
Shields        | 3 |  3.6

Action                   |  1- 3 |  4- 6 || total
-------------------------+-------+-------++-------
Melee: Long sword        |    53 |    27 ||    80
       Tailslap          |     3 |     3 ||     6
Armor: Scale mail        |    24 |    12 ||    36
Dodge: Dodged            |    26 |    22 ||    48
Block: Buckler           |    13 |    12 ||    25

Table legend: (Time is in decaauts)
 A = Elapsed time spent in this place.
 B = Non-inter-level travel time spent in this place.
 C = Inter-level travel time spent in this place.
 D = Time resting spent in this place.
 E = Time spent auto-exploring this place.
 F = Levels seen in this place.
 G = Mean time per level.
                   A        B        C        D        E       F      G
               +--------+--------+--------+--------+--------+-----+--------+
         Total |   1622 |   1564 |     58 |    457 |    889 |   3 |  540.7 |
       Dungeon |   1622 |   1564 |     58 |    457 |    889 |   3 |  540.7 |
               +--------+--------+--------+--------+--------+-----+--------+

Top non-repeatable levels by time:
     D:1: 1003 daAuts
     D:2: 598 daAuts
     D:3: 21 daAuts
